 Dungeon Crawl Stone Soup version 0.17-a0-1718-g72dbe4d (webtiles) character file.

74 KambridgeKobold the Conjurer (level 4, -1/30 HPs)
             Began as a Human Conjurer on Aug 26, 2015.
             Was an Initiate of Dithmenos.
             Slain by an orc (2 damage)
             ... on level 3 of the Dungeon.
             The game lasted 00:14:12 (3049 turns).

KambridgeKobold the Conjurer (Human Conjurer)       Turns: 3049, Time: 00:14:13

Health: -1/30      AC:  3    Str:  8    XL:     4   Next: 54%
Magic:  3/8        EV: 12    Int: 16    God:    Dithmenos [......]
Gold:   238        SH:  0    Dex: 14    Spells: 3 memorised, 3 levels left

rFire  . . .     SeeInvis .     r - +0 whip
rCold  . . .     Clarity  .     p - +0 leather armour (curse)
rNeg   . . .     SustAt   .     (no shield)
rPois  .         Gourm    .     (no helmet)
rElec  .         Spirit   .     (no cloak)
rCorr  .         Warding  .     (no gloves)
rMut   .         Stasis   .     (no boots)
MR     .....                    (no amulet)
Stlth  ++........               (no ring)
                                (no ring)

@: not resistant to hostile enchantments, unstealthy
A: no striking features
a: Renounce Religion


You were on level 3 of the Dungeon.
You worshipped Dithmenos.
Dithmenos was noncommittal.
You were not hungry.

You visited 1 branch of the dungeon, and saw 4 of its levels.

You collected 238 gold pieces.

Inventory:

Hand weapons
 h - a +0 short sword
 k - a +0 dagger
 r - a +0 whip (weapon)
 u - a +0 dagger of distortion
Missiles
 i - 82 stones (quivered)
Armour
 a - a +0 robe
 n - a +2 ring mail of cold resistance
 p - a cursed +0 leather armour (worn)
 s - a +0 buckler
 A - a +0 helmet
Scrolls
 f - a scroll of noise {unknown}
 g - a scroll of teleportation {unknown}
 l - 3 scrolls of identify
 t - a scroll of remove curse {unknown}
 x - 3 scrolls of immolation
 y - a scroll of random uselessness {unknown}
Potions
 e - a potion of flight {unknown}
 o - a potion of mutation {unknown}
 v - a potion of agility
 z - a potion of haste {unknown}
Books
 b - a book of Conjurations

   Spells                             Type                      Level
   a - Magic Dart                     Conjuration                  1
   b - Searing Ray                    Conjuration                  2
   c - Dazzling Spray                 Conjuration/Hexes            3
   d - Fulminant Prism                Conjuration/Hexes            4
   e - Iskenderun's Mystic Blast      Conjuration                  4
   f - Iskenderun's Battlesphere      Conjuration/Charms           5
Comestibles
 c - a bread ration
 j - 2 meat rations
 m - a royal jelly
 q - 2 beef jerkies
 w - 2 chunks of flesh


   Skills:
 - Level 2.0 Dodging
 - Level 2.0 Stealth
 + Level 3.3 Spellcasting
 - Level 4.4 Conjurations
 + Level 1.4 Hexes
 + Level 0.0 Invocations


You had 3 spell levels left.
You knew the following spells:

 Your Spells              Type           Power        Failure   Level  Hunger
a - Magic Dart            Conj           ###.         6%          1    None
b - Searing Ray           Conj           ###...       10%         2    ##.....
c - Dazzling Spray        Conj/Hex       ##......     28%         3    ###....


Dungeon Overview and Level Annotations

Branches:
Dungeon (4/15)
 Temple: D:4-7

Altars:
Dithmenos
Kikubaaqudgha
The Shining One

Annotations:
D:4 Edmund


Message History

The orc hits you but does no damage.
The searing ray hits the scorpion.
The scorpion is moderately wounded.
The searing ray hits the orc.
You kill the orc!
Dithmenos accepts your kill. The orc closely misses you.
The scorpion stings you.
* * * LOW HITPOINT WARNING * * *
Read which item? (? for menu, Esc to quit)
As you read the scroll labeled YFUCLU ESTUBB, it crumbles to dust.
It is a scroll of identify.
Identify which item? (\ to view known items) (? for menu, Esc to quit)
x - 3 scrolls of immolation The orc hits you.
* * * LOW HITPOINT WARNING * * *
The scorpion stings you but does no damage.
Read which item? (? for menu, Esc to quit)
As you read the scroll labeled COBEKL MOSHI, it crumbles to dust.
The scroll dissolves into smoke.
It was a scroll of fog.
The orc hits you.
You die...

#.# #.# #.# #.#
#.# #.# #.# #.##
#.# #..# #)# ##.#
#ยง# #.# #s# #.#
#@# #.# # #o# #.#
## #o# #.#######.
#.#######.#......#
#...........#####.
#########.### ##
####.# # #._..#
#..###


You could see a scorpion and 2 orcs.

Vanquished Creatures
  2 adders (D:3)
  2 worms (D:2)
  3 giant geckos (D:3)
  2 orcs (D:3)
  7 bats
  4 giant cockroaches
  2 goblins
  3 hobgoblins
  2 jackals (D:3)
  2 quokkas
  2 ball pythons
  4 giant newts
  4 kobolds
  8 rats
47 creatures vanquished.

Notes
Turn   | Place    | Note
--------------------------------------------------------------
     0 | D:1      | KambridgeKobold the Human Conjurer began the quest for the Orb.
     0 | D:1      | Reached XP level 1. HP: 13/13 MP: 3/3
   347 | D:1      | Found a glowing golden altar of the Shining One.
   424 | D:1      | Reached XP level 2. HP: 13/19 MP: 0/5
   967 | D:1      | Noticed an ogre
  1226 | D:2      | Learned a level 2 spell: Searing Ray
  1251 | D:2      | Reached XP level 3. HP: 24/24 MP: 0/6
  1372 | D:2      | Learned a level 3 spell: Dazzling Spray
  2200 | D:3      | Found a shadowy altar of Dithmenos.
  2216 | D:3      | Became a worshipper of Dithmenos the Shadowed
  2345 | D:3      | Reached skill level 1 in Hexes
  2345 | D:3      | Reached XP level 4. HP: 27/30 MP: 4/8
  2525 | D:3      | Found an ancient bone altar of Kikubaaqudgha.
  2679 | D:3      | Found a faded altar to an unknown god.
  2980 | D:4      | Noticed Edmund
  3048 | D:3      | HP: 1/30 [orc (5)]
  3049 | D:3      | Slain by an orc

Vault maps used:
D:1:      evilmike_arrival_hilbert_curve, tso_altar
D:3:      overflow_temple_1_default, old_standard_altar, ecumenical_altar_2
D:4:      nicolae_ru_sacrificial_ziggurat, gammafunk_temple_overflow_forgotten,
          serial_shops, shop, st_stairs_5, minmay_stone_trees_small, uniq_pikel,
          uniq_edmund, uniq_eustachio, uniq_robin

Action                   |  1- 3 |  4- 6 || total
-------------------------+-------+-------++-------
Melee: Unarmed           |     9 |       ||     9
       Dagger            |    10 |       ||    10
       Whip              |    17 |    19 ||    36
 Cast: Magic Dart        |    43 |    18 ||    61
       Searing Ray       |     2 |     4 ||     6
  Use: Scroll            |       |     2 ||     2
 Stab: Sleeping          |       |     1 ||     1
  Eat: Chunk             |     4 |     3 ||     7
